 Dungeon Crawl Stone Soup version 0.20.1-1-g8b1a95d (webtiles) character file.

1751 KINGKRU the Slasher (level 9, -4/74 HPs)
             Began as a Hill Orc Fighter on Nov 2, 2017.
             Was a Follower of Beogh.
             Slain by a gnoll
             ... wielding a +0 spear
              (6 damage)
             ... while paralysed
             ... on level 7 of the Dungeon.
             The game lasted 00:39:20 (6983 turns).

KINGKRU the Slasher (Hill Orc Fighter)              Turns: 6983, Time: 00:39:21

Health: -4/74      AC:  7    Str: 22    XL:     9   Next: 6%
Magic:  9/9        EV:  2    Int:  8    God:    Beogh [*.....]
Gold:   203        SH:  0    Dex: 10    Spells: 8/8 levels left

rFire    + . .     SeeInvis .   a - +1 long sword
rCold    . . .     Gourm    .   c - +2 shield
rNeg     . . .     Faith    .   b - +0 scale mail
rPois    .         Spirit   .   (no helmet)
rElec    .         Reflect  .   (no cloak)
rCorr    .         Harm     .   (no gloves)
MR       .....                  (no boots)
Stlth    ..........             (no amulet)
Regen    0.3/turn               (no ring)
MPRegen  0.2/turn               (no ring)

@: paralysed, lethally poisoned (-4 -> -5), fainting
A: fire resistance 1
a: Renounce Religion


You were on level 7 of the Dungeon.
You worshipped Beogh.
Beogh was aware of your devotion.
You were fainting.

You visited 1 branch of the dungeon, and saw 7 of its levels.

You collected 203 gold pieces.

Inventory:

Hand Weapons
 a - a +1 long sword (weapon)
 i - a +2 whip of flaming
 j - a +0 dire flail of protection
Armour
 b - a +0 scale mail (worn)
 c - a +2 shield (worn)
 d - a +0 pair of boots of flying
 n - a +1 leather armour of cold resistance
 t - the cursed +1 leather armour of Keweox {rF- rC- Str+6 Dex+4}
   (You found it on level 5 of the Dungeon)

   It affects your strength (+6).
   It affects your dexterity (+4).
   It makes you vulnerable to fire.
   It makes you vulnerable to cold.
   It has a curse placed upon it.
Jewellery
 e - a cursed ring of teleportation
 v - an uncursed amulet of regeneration {unknown}
Wands
 m - a wand of confusion (41/48)
 s - a wand of disintegration (8/24)
Scrolls
 l - 2 scrolls of remove curse
 o - 2 scrolls of blinking
 q - a scroll of amnesia {unknown}
Potions
 f - a potion of mutation {unknown}
 g - a potion of flight {unknown}
 h - a potion of berserk rage
 k - 2 potions of lignification
 p - 2 potions of brilliance {unknown}
 r - a potion of invisibility {unknown}
 u - a potion of ambrosia {unknown}
 w - 2 potions of haste {unknown}


   Skills:
 + Level 5.6 Fighting
 + Level 7.1 Long Blades
 + Level 6.6 Armour
 + Level 2.9 Dodging
 + Level 0.8 Stealth
 + Level 6.9 Shields


You had 8 spell levels left.
You didn't know any spells.

Dungeon Overview and Level Annotations

Branches:
Dungeon (7/15)
 Temple: D:4-7

Altars:
Ashenzari
Elyvilon
Kikubaaqudgha
Makhleb
Vehumet
Zin


Innate Abilities, Weirdness & Mutations

Your flesh is heat resistant. (rF+)


Message History

A gnoll comes into view. It is wielding a halberd.
You hit the gnoll but do no damage.
The gnoll is heavily wounded.
The gnoll completely misses you.
You feel sick. The gnoll barely misses you.
You lose consciousness!
You feel sick.
The gnoll hits you but does no damage. x3
The gnoll hits you.
* * * LOW HITPOINT WARNING * * *
You feel sick.
The gnoll hits you from afar with a spear.
* * * LOW HITPOINT WARNING * * *
The gnoll hits you but does no damage. x2
The gnoll hits you but does no damage.
The gnoll hits you from afar with a spear!
* * * LOW HITPOINT WARNING * * *
The gnoll sergeant barely misses you. The gnoll hits you but does no damage.
The gnoll hits you from afar with a spear.
You die...

####### ###.....# .
.####.....).# ...
........###)# #...$
.####.#..##g####......
.......<#@gggg........
.####.##...g####.####.
#. ##.#.# # # .......
..#####... # .### .#
.#


You could see a gnoll sergeant and 5 gnolls.

Vanquished Creatures
  Sigmund (D:6)
  Edmund (D:4)
  A phantom (D:4)
  A black bear (D:6)
  3 sky beasts
  2 ogres (D:4)
  A scorpion (D:5)
  A howler monkey (D:5)
  A crimson imp (D:5)
  A hound (D:4)
  A bullfrog skeleton (D:5)
  2 centaur skeletons
  5 orc priests
  6 worker ants
  4 orc wizards
  3 adders
  4 gnolls
  An ooze (D:7)
  2 worms
  3 dart slugs
  6 leopard geckos
  25 orcs
  7 bats
  4 giant cockroaches
  6 goblins
  5 hobgoblins
  3 jackals (D:1)
  2 quokkas
  4 frilled lizards
  7 kobolds
  8 rats
121 creatures vanquished.

Vanquished Creatures (others)
  The ghost of centipede the Insei, an amateur DgTm (D:3)
  2 orc priests (D:3)
  An orc wizard (D:4)
  3 orcs (D:3)
7 creatures vanquished.

Grand Total: 128 creatures vanquished

Notes
Turn   | Place    | Note
-------+----------+-------------------------------------------
     0 | D:1      | KINGKRU the Hill Orc Fighter began the quest for the Orb.
     0 | D:1      | Reached XP level 1. HP: 19/19 MP: 1/1
   162 | D:1      | Reached XP level 2. HP: 27/27 MP: 2/2
   381 | D:1      | Reached XP level 3. HP: 21/33 MP: 3/3
  1288 | D:3      | Reached skill level 3 in Long Blades
  1376 | D:3      | Killed centipede's ghost
  1550 | D:3      | Reached XP level 4. HP: 37/40 MP: 4/4
  1613 | D:3      | Found a shattered altar of Ashenzari.
  2132 | D:3      | Found a radiant altar of Vehumet.
  2135 | D:3      | Became a worshipper of Beogh the Brigand
  2355 | D:3      | Reached skill level 1 in Dodging
  2355 | D:3      | Reached XP level 5. HP: 46/46 MP: 5/5
  2566 | D:4      | Noticed an ogre
  2573 | D:4      | Killed an ogre
  2629 | D:4      | Noticed an ogre
  2638 | D:4      | Killed an ogre
  2638 | D:4      | Reached skill level 4 in Long Blades
  2638 | D:4      | Reached skill level 5 in Shields
  2638 | D:4      | Reached XP level 6. HP: 13/52 MP: 6/6
  2981 | D:4      | Found an ancient bone altar of Kikubaaqudgha.
  3011 | D:4      | Noticed Edmund
  3039 | D:4      | Killed Edmund
  3350 | D:4      | Reached XP level 7. HP: 38/60 MP: 7/7
  3849 | D:4      | Reached skill level 5 in Long Blades
  3849 | D:4      | Reached skill level 5 in Armour
  4431 | D:5      | Entered Level 5 of the Dungeon
  4621 | D:4      | Reached * piety under Beogh
  4901 | D:5      | Reached XP level 8. HP: 22/67 MP: 8/8
  5292 | D:5      | Found a burning altar of Makhleb.
  5297 | D:5      | Noticed an Executioner
  5301 | D:5      | Noticed a hellwing
  5301 | D:5      | Noticed a hellwing
  5482 | D:5      | Got an ichor-stained leather armour
  5483 | D:5      | Identified the cursed +1 leather armour of Keweox {rF- rC- Str+6 Dex+4} (You found it on level 5 of the Dungeon)
  5614 | D:5      | Reached skill level 5 in Fighting
  5614 | D:5      | Reached skill level 6 in Long Blades
  5958 | D:6      | Gained mutation: Your flesh is heat resistant. (rF+) [mutagenic meat]
  6072 | D:6      | Found a glowing silver altar of Zin.
  6112 | D:6      | Found a white marble altar of Elyvilon.
  6232 | D:6      | Noticed Sigmund
  6837 | D:6      | Killed Sigmund
  6953 | D:7      | Reached skill level 7 in Long Blades
  6953 | D:7      | Reached XP level 9. HP: 37/74 MP: 9/9
  6977 | D:7      | Paralysed by fainting for 12 turns
  6982 | D:7      | HP: 2/74 [gnoll/spear (7)]
  6983 | D:7      | Slain by a gnoll

Skill      XL: |  1  2  3  4  5  6  7  8 |
---------------+-------------------------+-----
Shields        | 4 5 6 |  6.9
Long Blades    | 3 4 5 7 |  7.1
Dodging        | 1 2 |  2.9
Fighting       | 4 5 |  5.6
Armour         | 4 5 6 |  6.6
Stealth        | |  0.8

Action                   |  1- 3 |  4- 6 |  7- 9 || total
-------------------------+-------+-------+-------++-------
Melee: Long sword        |   121 |   160 |   326 ||   607
Invok: Convert to Beogh  |       |     1 |       ||     1
  Use: Scroll            |     7 |     2 |     2 ||    11
       Potion            |     1 |     3 |     3 ||     7
  Eat: Royal jelly       |     1 |       |     1 ||     2
       Bread ration      |       |     2 |       ||     2
       Chunk             |       |       |     6 ||     6
Armor: Scale mail        |    63 |    48 |   125 ||   236
Dodge: Dodged            |    57 |    55 |   100 ||   212
Block: Shield            |    76 |    81 |   173 ||   330
       Rpst.: Long sword |    24 |    18 |    19 ||    61
